 Dungeon Crawl Stone Soup version 0.22.1 (webtiles) character file.

46 nicolaieve the Cudgeler (level 3, -9/31 HPs)
             Began as a Minotaur Berserker on Sept 19, 2018.
             Was a Believer of Trog.
             Mangled by a gnoll
             ... wielding a cursed -2 halberd
              (14 damage)
             ... on level 2 of the Dungeon.
             The game lasted 00:06:24 (1048 turns).

nicolaieve the Cudgeler (Minotaur Berserker)        Turns: 1048, Time: 00:06:25

Health: -9/31      AC:  6    Str: 21    XL:     3   Next: 46%
Magic:  2/2        EV: 11    Int:  4    God:    Trog [**....]
Gold:   54         SH:  0    Dex: 10    Spells: 2/2 levels left

rFire    . . .     SeeInvis .   b - +0 whip
rCold    . . .     Gourm    .   (no shield)
rNeg     . . .     Faith    .   i - +0 ring mail
rPois    .         Spirit   .   (helmet restricted)
rElec    .         Reflect  .   (no cloak)
rCorr    .         Harm     .   (no gloves)
MR       .....                  l - +0 pair of boots
Stlth    ..........             (no amulet)
HPRegen  0.10/turn              (no ring)
MPRegen  0.08/turn              (no ring)

@: no status effects
A: retaliatory headbutt, horns 2
a: Berserk, Trog's Hand, Renounce Religion


You were on level 2 of the Dungeon.
You worshipped Trog.
Trog was pleased with you.
You were not hungry.

You visited 1 branch of the dungeon, and saw 2 of its levels.

You collected 54 gold pieces.

Inventory:

Hand Weapons
 b - a +0 whip (weapon)
Missiles
 j - 45 stones (quivered)
Armour
 i - a +0 ring mail (worn)
 l - a +0 pair of boots (worn)
Scrolls
 a - a scroll of identify {unknown}
 e - 2 scrolls of remove curse {unknown}
 f - a scroll of enchant weapon {unknown}
 h - a scroll of amnesia {unknown}
 k - a scroll of noise {unknown}
 n - a scroll of fog {unknown}
Potions
 d - a potion of lignification {unknown}
 g - a potion of brilliance {unknown}
 m - a potion of magic {unknown}
Comestibles
 c - a ration
 o - a chunk of flesh


   Skills:
 - Level 3.6 Fighting
 + Level 5.5 Maces & Flails
 - Level 2.4 Armour
 - Level 2.1 Dodging


You had 2 spell levels left.
You didn't know any spells.
Your spell library was empty.

Dungeon Overview and Level Annotations

Branches:
Dungeon (2/15)

Altars:
Nemelex Xobeh


Innate Abilities, Weirdness & Mutations

You reflexively headbutt those who attack you in melee.
You have a pair of horns on your head.


Message History

The gnoll misses you.
Unknown command.
Unknown command.
The gnoll throws a throwing net.
The throwing net hits you.
You become entangled in the net!
You see here a throwing net.
Unknown command.
Okay, then.
Okay, then.
Unknown command.
Unknown command.
You struggle against the net.
The gnoll closely misses you.
The gnoll hits you from afar with a spear.
* * * LOW HITPOINT WARNING * * *
You struggle against the net.
The gnoll barely misses you. x2
You rip the net and break free!
The gnoll closely misses you.
The gnoll hits you from afar with a spear.
* * * LOW HITPOINT WARNING * * *
The gnoll misses you. The gnoll hits you with a halberd!
You die...

#.##.# #.#####
#######.##.#######......
#.......................
. .#####.##.#######.#####
#. #.##.# #......
#..#####.##.## #.##...
#............######.##...
.........................
#..##...@...[............
......ggg................
#!.......................
...##.#.###..#####.......
......#.# ..# #.......
...#..#.# .# #....... .
.....# .. #....... ...
... .. . #


You could see 3 gnolls.

Vanquished Creatures
  A gnoll (D:2)
  An ooze (D:1)
  2 dart slugs (D:1)
  2 ball pythons (D:1)
  3 giant cockroaches
  7 goblins (D:1)
  3 hobgoblins
  4 bats
  4 kobolds (D:1)
  A rat (D:1)
28 creatures vanquished.

Notes
Turn   | Place    | Note
-------+----------+-------------------------------------------
     0 | D:1      | nicolaieve the Minotaur Berserker began the quest for the
                  | Orb.
     0 | D:1      | Reached XP level 1. HP: 19/19 MP: 0/0
   184 | D:1      | Reached skill level 4 in Maces & Flails
   236 | D:1      | Reached XP level 2. HP: 22/26 MP: 1/1
   407 | D:1      | Reached skill level 5 in Maces & Flails
   497 | D:1      | Reached XP level 3. HP: 31/31 MP: 2/2
   964 | D:2      | Found a sparkling altar of Nemelex Xobeh.
  1004 | D:2      | Reached ** piety under Trog
  1048 | D:2      | Mangled by a gnoll

Skill      XL: |  1  2 |
---------------+-------+-----
Maces & Flails | 4 5 |  5.5
Fighting       | |  3.6
Armour         | |  2.4
Dodging        | |  2.1

Action                   || total
-------------------------++-------
Melee: Mace              ||    31
       Headbutt          ||    10
       Whip              ||    19
Armor: Animal skin       ||     1
       Ring mail         ||    11
Dodge: Dodged            ||    40
